 Dungeon Crawl Stone Soup version 0.13-a0-1577-g2bae144 (webtiles) character file.

68 Kae the Chiller (level 3, 23/26 HPs)
             Began as a Draconian Ice Elementalist on June 11, 2013.
             Quit the game on Level 1 of the Dungeon.
             The game lasted 00:01:33 (1225 turns).

Kae the Chiller (Draconian Ice Elementalist)        Turns: 1225, Time: 00:01:33

HP  23/26        AC  5     Str 11      XL: 3   Next:  0%
MP   0/5         EV 12     Int 15      God:
Gold 40          SH  0     Dex 11      Spells:  2 memorised,  1 level left

Res.Fire  : . . .   See Invis. : .   (no weapon)
Res.Cold  : . . .   Warding    : .   (armour unavailable)
Life Prot.: . . .   Conserve   : .   (no shield)
Res.Poison: .       Res.Corr.  : .   (helmet restricted)
Res.Elec. : .       Clarity    : .   (no cloak)
Sust.Abil.: . .     Spirit.Shd : .   (no gloves)
Res.Mut.  : .       Stasis     : .   (no boots)
Res.Rott. : .       Flight     : .   (no amulet)
Saprovore : . . .                    (no ring)
                                     (no ring)

@: not resistant to hostile enchantments, unstealthy
A: unfitting armour, AC +5
a: no special abilities


You were on level 1 of the Dungeon.
You were very hungry.

You visited 1 branch of the dungeon, and saw 1 of its levels.

You collected 20 gold pieces.

Inventory:

Comestibles
 c - 2 bread rations
 f - a meat ration
Scrolls
 a - a scroll of random uselessness {unknown}
 d - a scroll of identify {unknown}
 e - a scroll of amnesia {unknown}
 h - 3 scrolls of blinking {unknown}
 i - a scroll of teleportation {unknown}
 l - a scroll of remove curse {unknown}
Jewellery
 j - a cursed ring of hunger {unknown}
Potions
 g - 2 potions of curing {unknown}
 k - 2 potions of slowing {unknown}
Books
 b - a book of Frost

   Spells                             Type                      Level
   *Freeze                            Ice                          1
   *Throw Frost                       Conjuration/Ice              2
   Ozocubu's Armour                   Charms/Ice                   3
   Throw Icicle                       Conjuration/Ice              4
   Summon Ice Beast                   Ice/Summoning                4
   Condensation Shield                Ice                          4


   Skills:
 - Level 0.2 Fighting
 - Level 2.1 Dodging
 - Level 1.7 Stealth
 + Level 1.2 Spellcasting
 * Level 1.5 Conjurations
 * Level 3.5 Ice Magic


You had one spell level left.
You knew the following spells:

 Your Spells              Type           Power        Failure   Level  Hunger
a - Freeze                Ice            ##..         8%          1    ##.....
b - Throw Frost           Conj/Ice       #.....       14%         2    ###....


Dungeon Overview and Level Annotations

Branches:
Dungeon (1/27)

Altars:


Message History

The helpless giant cockroach fails to defend itself.
You hit the giant cockroach.
The giant cockroach is lightly wounded.
The giant cockroach barely misses you.
You hit the giant cockroach.
Your tail-slap misses the giant cockroach.
The giant cockroach is severely wounded.
The giant cockroach misses you.
Casting: Freeze
Confirm with . or Enter, or press ? or * to list all spells.
Aiming: Freeze
Press: ? - help, Shift-Dir - straight line, f - giant cockroach
Aim: a giant cockroach (severely wounded, clinging)
You freeze the giant cockroach.
You kill the giant cockroach!
You have reached level 3!
Your experience leads to an increase in your attributes!
Increase (S)trength, (I)ntelligence, or (D)exterity?
You feel stronger.
Your scales feel tougher.
Are you sure you want to abandon this character and quit the game? (Confirm with "yes".)

.#.## #.## ##..### #.##.##
#.#.#
#..####.....#######.#...###
.#.##
#..'........)..............
###.#
#..####.....###.........###
.#.## #.##........#
#.###.##.## #.#.#
####.##.....# #.# #.##.#
.#.## #.###################
###.# #.# #%#.#.#.#.#.#.#
.#.## #.# #@#'#'#'#'#'#'#
#.#.#
#.#####.#.#.#.#.#.#.####
.#.##
####.##.'......<<<.....('%#
###.#
#.....####.#.#.#.#.#.#.####
.#.## #.#####
#'#'#'#'#%#'#'# #
#.#.###.#####
#.#.#.#.#.#.#.#
..#..##.#)..##
#######.##########
.###.##.#.##.# #...........
.............# ###########.


There were no monsters in sight!

Vanquished Creatures
  A giant gecko (D:1)
  5 bats (D:1)
  4 giant cockroaches (D:1)
  A goblin (D:1)
  3 hobgoblins (D:1)
  3 kobolds (D:1)
  A ball python (D:1)
  2 giant newts (D:1)
  6 rats (D:1)
26 creatures vanquished.

Notes
Turn   | Place    | Note
--------------------------------------------------------------
     0 | D:1      | Kae, the Draconian Ice Elementalist, began the quest for the Orb.
     0 | D:1      | Reached XP level 1. HP: 14/14 MP: 3/3
   144 | D:1      | Reached XP level 2. HP: 12/20 MP: 2/4
   191 | D:1      | Learned a level 2 spell: Throw Frost
  1224 | D:1      | Reached XP level 3. HP: 23/26 MP: 1/5
  1225 | D:1      | Quit the game

Action                   || total
-------------------------++-------
Melee: Unarmed           ||    51
 Cast: Freeze            ||    26
       Throw Frost       ||     2
 Stab: Sleeping          ||     2
